Capitals vs Flyers (R1)

Created - 20 février 2015 at 19:00

Goals
1 2 3 T
Capitals 0 1 2 3
Flyers 1 0 1 2
Shots
1 2 3 T
Capitals 4 6 13 23
Flyers 8 10 14 32

1st period

1. Flyers , Paul Gaustad 14 (Ryane Clowe) at 15:30

Penalties :
Nicklas Backstrom (Was) for Cross-checking (Minor) at 0:06, Jonathan Ericsson (Phi) for Tripping (Minor) at 3:58, Thomas Vanek (Was) for Slashing (Minor) at 7:15

2nd period

2. Capitals , Loui Eriksson 14 (Ryan Getzlaf, Phil Kessel) at 11:15

Penalties :
Chris Kunitz (Was) for Diving (Minor) at 7:36, Ryan Getzlaf (Was) for High sticking (Double Minor) at 16:07

3rd period

3. Capitals , Loui Eriksson 15 (Brent Seabrook, Phil Kessel) at 5:40 (PP)
4. Capitals , Jarome Iginla 28 (Zdeno Chara, Jaroslav Halak) at 7:14 (PP)
5. Flyers , Scott Hartnell 25 (Martin St. Louis, Jeff Carter) at 14:38 (PP)

Penalties :
Scott Hartnell (Phi) for Tripping (Minor) at 1:38, Jeff Carter (Phi) for Hooking (Minor) at 5:11, Stephane Robidas (Phi) for Roughing (Minor) at 7:03, Anton Volchenkov (Was) for Hooking (Minor) at 14:10, Thomas Vanek (Was) for Slashing (Minor) at 14:51, Ryan Getzlaf (Was) for Tripping (Minor) at 15:10, Brent Seabrook (Was) for Holding (Minor) at 17:35

Goalie Stats

Jaroslav Halak (Was), 30 saves from 32 shots - (0,938), W, 18-18-2, 60:00 minutes
Jean-Sébastien Giguère (Phi), 20 saves from 23 shots - (0,870), L, 17-20-3, 59:20 minutes

Players Stats for Capitals

Player Name              G  A  P  +/- PIM S  H  SB GA TA FO     MP     PP MP  PK MP  
------------------------------------------------------------------------------------
Adam Hall                0  0  0   0  0   0  1  1  0  0  2/4     9:07   0:00   3:38 
Ales Hemsky              0  0  0   0  0   0  1  1  0  0  0/0    11:23   0:18   0:00 
Andy Rogers              0  0  0  -1  0   1  0  1  0  2  0/0    11:03   0:00   1:45 
Anton Volchenkov         0  0  0   0  2   0  1  3  0  1  0/0    21:34   1:49   5:22 
Brent Seabrook           0  1  1   0  2   1  1  0  0  0  0/0    21:02   1:49   4:25 
Bryce Salvador           0  0  0   1  0   1  0  0  0  0  0/0     3:05   0:00   0:48 
Chris Kunitz             0  0  0   0  2   1  4  0  0  0  0/1    15:17   0:00   4:00 
Chris Phillips           0  0  0  -1  0   4  3  4  3  1  0/0    23:07   2:49   8:31 
Jarome Iginla            1  0  1   0  0   5  1  0  0  2  1/2    23:23   2:39   7:47 
Loui Eriksson            2  0  2   0  0   3  2  0  1  1  1/1    15:17   1:53   1:36 
Nicklas Backstrom        0  0  0   0  2   0  3  0  0  0  10/24  19:54   2:45   1:40 
Paul Stastny             0  0  0   0  0   3  3  1  0  0  2/9    15:33   0:00   3:48 
Phil Kessel              0  2  2   0  0   0  0  0  0  0  0/0    13:53   1:53   0:00 
Ryan Getzlaf             0  1  1   0  6   2  1  2  0  0  6/17   19:43   1:41   5:12 
Ryan Suter               0  0  0   0  0   1  0  0  0  0  0/0    12:48   0:00   0:00 
Scott Parse              0  0  0   0  0   0  1  0  0  0  0/0     4:26   0:00   0:00 
Thomas Vanek             0  0  0   0  4   1  3  1  1  0  0/0    15:12   2:45   0:00 
Zdeno Chara              0  1  1   1  0   0  1  1  1  1  0/0    27:44   2:49   8:31 

Players Stats for Flyers

Player Name              G  A  P  +/- PIM S  H  SB GA TA FO     MP     PP MP  PK MP  
------------------------------------------------------------------------------------
Jeff Carter              0  1  1   0  2   3  4  1  0  1  24/38  23:01   7:58   0:51 
Jeff O'Neill             0  0  0   0  0   2  4  0  0  0  1/1    11:57   1:12   1:14 
Jeff Woywitka            0  0  0   1  0   5  2  1  0  2  0/0    26:15   6:53   2:11 
Jonathan Ericsson        0  0  0  -1  2   1  1  0  0  0  0/0    23:24   7:16   1:45 
Mark Giordano            0  0  0  -1  0   2  0  0  0  1  0/0    22:18   7:16   0:42 
Martin St. Louis         0  1  1   0  0   3  2  0  4  0  0/1    22:07   7:58   0:00 
Matthew Lombardi         0  0  0   0  0   2  1  0  0  0  3/5     8:08   0:00   2:33 
Michael Ryder            0  0  0   0  0   1  1  0  0  0  0/0    10:45   1:14   0:00 
Mike York                0  0  0   0  0   3  0  0  0  0  0/0    11:51   1:04   1:12 
Miroslav Satan           0  0  0   0  0   1  3  0  3  0  0/0    16:51   5:29   0:00 
Nils Ekman               0  0  0   0  0   0  0  0  0  1  0/0     8:08   0:00   2:33 
Paul Gaustad             1  0  1   0  0   3  1  0  0  0  8/12   16:53   5:31   0:00 
Petr Schastlivy          0  0  0   0  0   0  0  0  0  0  0/0     5:53   0:00   0:18 
Randy Jones              0  0  0   0  0   0  0  0  0  0  0/0    12:23   0:32   2:41 
Ryane Clowe              0  1  1   0  0   1  5  0  0  0  0/1    17:01   5:39   0:00 
Scott Hartnell           1  0  1   0  2   5  1  0  1  1  0/0    22:41   7:58   0:35 
Stephane Robidas         0  0  0   1  2   0  3  2  0  0  0/0    24:15   6:53   0:42 
Trevor Daley             0  0  0   0  0   0  0  0  0  0  0/0    11:27   0:32   1:15 

3 Stars

1 - Loui Eriksson (Was)
2 - Jarome Iginla (Was)
3 - Ryane Clowe (Phi)

Power Play

Capitals - 2 on 4 Attempt(s) - 50,00%
Flyers - 1 on 9 Attempt(s) - 11,11%

Penalty Kill

Capitals - 8 on 9 Attempt(s) - 88,89% - Score 0 goal in Penalty Kill
Flyers - 2 on 4 Attempt(s) - 50,00% - Score 0 goal in Penalty Kill

Team Stat

Capitals - Hits : 26 - Faceoff Wins : 22 - Blocked Shots : 15 - Penalty Minutes : 18
Flyers - Hits : 28 - Faceoff Wins : 36 - Blocked Shots : 4 - Penalty Minutes : 8

Official

Referees : Marouelli Dan and Pochmara Brian
Linesman : Bryan Pancich and Mike Cvik

Game Notes

No Game Note

Finance

Level 1 -- Attendance: 5773 (96,22%) -- Ticket Income 490 705 $
Level 2 -- Attendance: 5000 (100,00%) -- Ticket Income 250 000 $
Level 3 -- Attendance: 1935 (96,75%) -- Ticket Income 58 050 $
Level 4 -- Attendance: 3699 (92,48%) -- Ticket Income 73 980 $
Luxury Box -- Attendance: 923 (92,30%) -- Ticket Income 152 295 $
Game was played at the Wells Fargo Center'
Total Attendance: 17330 (96,28%)
Total Ticket Income: 1 025 030 $
Other Income: 153 754 $
Total Income: 1 178 784 $

Capitals

5 vs 5 Forward 
   Center                   Left Wing                Right Wing               Time % Phy DF OF 
 1 Nicklas Backstrom        Thomas Vanek             Jarome Iginla            40     1   2  2  
 2 Ryan Getzlaf             Loui Eriksson            Phil Kessel              30     1   2  2  
 3 Paul Stastny             Chris Kunitz             Ales Hemsky              25     1   2  2  
 4 Nicklas Backstrom        Scott Parse              Adam Hall                5      1   2  2  

5 vs 5 Defense 
   Defense                  Defense                                           Time % Phy DF OF 
 1 Zdeno Chara              Ryan Suter                                        40     1   2  2  
 2 Anton Volchenkov         Brent Seabrook                                    30     1   2  2  
 3 Chris Phillips           Andy Rogers                                       20     1   2  2  
 4 Bryce Salvador           Zdeno Chara                                       10     1   2  2  

PowerPlay Forward 
   Center                   Left Wing                Right Wing               Time % Phy DF OF 
 1 Nicklas Backstrom        Thomas Vanek             Jarome Iginla            60     1   2  2  
 2 Ryan Getzlaf             Loui Eriksson            Phil Kessel              40     1   2  2  

PowerPlay Defense
   Defense                  Defense                                           Time % Phy DF OF 
 1 Zdeno Chara              Chris Phillips                                    60     1   2  2  
 2 Anton Volchenkov         Brent Seabrook                                    40     1   2  2  

Penalty Kill 4 Players Forward 
   Center                   Wing                     Time % Phy DF OF 
 1 Ryan Getzlaf             Jarome Iginla            60     1   2  2  
 2 Paul Stastny             Chris Kunitz             40     1   2  2  

Penalty Kill 4 Players Defense
   Defense                  Defense                  Time % Phy DF OF 
 1 Zdeno Chara              Chris Phillips           60     1   2  2  
 2 Anton Volchenkov         Brent Seabrook           40     1   2  2  

Penalty Kill - 3 Players Forward 
   Forward                                           Time % Phy DF OF 
 1 Jarome Iginla                                     60     1   2  2  
 2 Nicklas Backstrom                                 40     1   2  2  

Penalty Kill - 3 Players Defense
   Defense                  Defense                  Time % Phy DF OF 
 1 Zdeno Chara              Chris Phillips           60     1   2  2  
 2 Anton Volchenkov         Brent Seabrook           40     1   2  2  

4 vs 4 Forward 
   Center                   Wing                     Time % Phy DF OF 
 1 Jarome Iginla            Nicklas Backstrom        60     1   2  2  
 2 Ryan Getzlaf             Thomas Vanek             40     1   2  2  

4 vs 4 Defense
   Defense                  Defense                  Time % Phy DF OF 
 1 Zdeno Chara              Chris Phillips           60     1   2  2  
 2 Anton Volchenkov         Brent Seabrook           40     1   2  2  

Last Minutes Offensive
   Center                   Left Wing                Right Wing               Defense                  Defense                  
   Nicklas Backstrom        Thomas Vanek             Jarome Iginla            Zdeno Chara              Chris Phillips           

Last Minutes Defensive
   Center                   Left Wing                Right Wing               Defense                  Defense                  
   Nicklas Backstrom        Loui Eriksson            Jarome Iginla            Zdeno Chara              Chris Phillips           

Goaltenders
Starting : Jaroslav Halak           
Backup : Tim Thomas               

Extra Forwards
Normal : Ales Hemsky, Phil Kessel, Adam Hall - PP : Ales Hemsky, Phil Kessel - PK : Adam Hall
Extra Defensemen
Normal : Ryan Suter, Andy Rogers, Chris Phillips - PP : Ryan Suter - PK : Andy Rogers, Chris Phillips
Penalty Shots
Jarome Iginla, Nicklas Backstrom, Ryan Getzlaf, Paul Stastny, Loui Eriksson

Flyers

5 vs 5 Forward 
   Center                   Left Wing                Right Wing               Time % Phy DF OF 
 1 Jeff Carter              Scott Hartnell           Martin St. Louis         40     1   2  2  
 2 Paul Gaustad             Ryane Clowe              Miroslav Satan           30     1   2  2  
 3 Jeff O'Neill             Mike York                Michael Ryder            20     1   2  2  
 4 Matthew Lombardi         Petr Schastlivy          Nils Ekman               10     1   2  2  

5 vs 5 Defense 
   Defense                  Defense                                           Time % Phy DF OF 
 1 Stephane Robidas         Jeff Woywitka                                     35     1   2  2  
 2 Mark Giordano            Jonathan Ericsson                                 35     1   2  2  
 3 Trevor Daley             Randy Jones                                       20     1   2  2  
 4 Stephane Robidas         Jeff Woywitka                                     10     1   2  2  

PowerPlay Forward 
   Center                   Left Wing                Right Wing               Time % Phy DF OF 
 1 Jeff Carter              Scott Hartnell           Martin St. Louis         60     1   2  2  
 2 Paul Gaustad             Ryane Clowe              Miroslav Satan           40     1   2  2  

PowerPlay Defense
   Defense                  Defense                                           Time % Phy DF OF 
 1 Stephane Robidas         Jeff Woywitka                                     50     1   2  2  
 2 Mark Giordano            Jonathan Ericsson                                 50     1   2  2  

Penalty Kill 4 Players Forward 
   Center                   Wing                     Time % Phy DF OF 
 1 Matthew Lombardi         Nils Ekman               60     1   2  2  
 2 Jeff O'Neill             Scott Hartnell           40     1   2  2  

Penalty Kill 4 Players Defense
   Defense                  Defense                  Time % Phy DF OF 
 1 Randy Jones              Jonathan Ericsson        60     1   2  2  
 2 Jeff Woywitka            Trevor Daley             40     1   2  2  

Penalty Kill - 3 Players Forward 
   Forward                                           Time % Phy DF OF 
 1 Matthew Lombardi                                  60     1   2  2  
 2 Jeff O'Neill                                      40     1   2  2  

Penalty Kill - 3 Players Defense
   Defense                  Defense                  Time % Phy DF OF 
 1 Jonathan Ericsson        Randy Jones              60     1   2  2  
 2 Trevor Daley             Jeff Woywitka            40     1   2  2  

4 vs 4 Forward 
   Center                   Wing                     Time % Phy DF OF 
 1 Martin St. Louis         Jeff Carter              60     1   2  2  
 2 Paul Gaustad             Miroslav Satan           40     1   2  2  

4 vs 4 Defense
   Defense                  Defense                  Time % Phy DF OF 
 1 Stephane Robidas         Jeff Woywitka            50     1   2  2  
 2 Mark Giordano            Jonathan Ericsson        50     1   2  2  

Last Minutes Offensive
   Center                   Left Wing                Right Wing               Defense                  Defense                  
   Jeff Carter              Scott Hartnell           Martin St. Louis         Stephane Robidas         Jeff Woywitka            

Last Minutes Defensive
   Center                   Left Wing                Right Wing               Defense                  Defense                  
   Martin St. Louis         Scott Hartnell           Matthew Lombardi         Jeff Woywitka            Jonathan Ericsson        

Goaltenders
Starting : Jean-Sébastien Giguère   
Backup : Antti Niemi              

Extra Forwards
Normal : Jeff Carter, Paul Gaustad, Martin St. Louis - PP : Jeff Carter, Miroslav Satan - PK : Matthew Lombardi
Extra Defensemen
Normal : Stephane Robidas, Jeff Woywitka, Jonathan Ericsson - PP : Stephane Robidas - PK : Jeff Woywitka, Jonathan Ericsson
Penalty Shots
Jeff Carter, Jeff O'Neill, Miroslav Satan, Michael Ryder, Martin St. Louis

% Time on Ice - Capitals

Lines # - Real PCT - Wanted PCT - Time Play
Normal Forward
1 - 32% - 40% - 12:58
2 - 31% - 30% - 12:44
3 - 26% - 25% - 10:33
4 - 11% - 5% - 4:26
Normal Defense
1 - 38% - 40% - 15:38
2 - 35% - 30% - 14:24
3 - 22% - 20% - 8:57
4 - 4% - 10% - 1:42
PP Forward
1 - 59% - 60% - 2:45
2 - 41% - 40% - 1:53
PP Defense
1 - 61% - 60% - 2:49
2 - 39% - 40% - 1:49
PK Forward
1 - 79% - 60% - 10:15
2 - 21% - 40% - 2:46
PK Defense
1 - 62% - 60% - 8:02
2 - 38% - 40% - 4:59
PK3 Forward
1 - 84% - 60% - 1:24
2 - 16% - 40% - 0:16
PK3 Defense
1 - 64% - 60% - 1:04
2 - 36% - 40% - 0:36
44 Forward
1 - 0% - 60%
2 - 0% - 40%
44 Defense
1 - 0% - 60%
2 - 0% - 40%
Last Minute Offensive  - 0:00
Last Minute Defensive  - 0:00
Total
Forward - 60:00
Defense - 60:00

% Time on Ice - Flyers

Lines # - Real PCT - Wanted PCT - Time Play
Normal Forward
1 - 35% - 40% - 14:12
2 - 28% - 30% - 11:22
3 - 23% - 20% - 9:16
4 - 14% - 10% - 5:35
Normal Defense
1 - 38% - 35% - 15:22
2 - 37% - 35% - 14:50
3 - 23% - 20% - 9:10
4 - 3% - 10% - 1:03
PP Forward
1 - 60% - 60% - 8:46
2 - 40% - 40% - 5:55
PP Defense
1 - 51% - 50% - 7:25
2 - 49% - 50% - 7:16
PK Forward
1 - 73% - 60% - 3:24
2 - 27% - 40% - 1:14
PK Defense
1 - 73% - 60% - 3:23
2 - 27% - 40% - 1:15
PK3 Forward
1 - 0% - 60%
2 - 0% - 40%
PK3 Defense
1 - 0% - 60%
2 - 0% - 40%
44 Forward
1 - 0% - 60%
2 - 0% - 40%
44 Defense
1 - 0% - 50%
2 - 0% - 50%
Last Minute Offensive  - 0:16
Last Minute Defensive  - 0:00
Total
Forward - 60:00
Defense - 60:00

Play by Play

1st period


0:01 of 1st period - Jeff Carter wins face-off versus Nicklas Backstrom in neutral zone.
0:04 of 1st period - Slapshot by Jeff Carter.
0:04 of 1st period - Shot Blocked by Thomas Vanek.
0:06 of 1st period - Minor Penalty to Nicklas Backstrom for Cross-checking.
0:07 of 1st period - Jeff Carter wins face-off versus Ryan Getzlaf in Capitals zone.
0:08 of 1st period - Wrist shot by Martin St. Louis.
0:08 of 1st period - Deflect By Jeff Carter.
0:08 of 1st period - Stopped by Jaroslav Halak with a rebound.
0:14 of 1st period - Snap shot by Scott Hartnell.
0:14 of 1st period - Stopped by Jaroslav Halak with a rebound.
0:16 of 1st period - Slapshot by Jeff Woywitka.
0:16 of 1st period - Stopped by Jaroslav Halak without a rebound.
0:17 of 1st period - Ryan Getzlaf wins face-off versus Jeff Carter in Capitals zone.
0:46 of 1st period - Snap shot by Martin St. Louis.
0:46 of 1st period - Shot Blocked by Ryan Getzlaf.
0:48 of 1st period - Slapshot by Jeff Woywitka.
0:48 of 1st period - Stopped by Jaroslav Halak with a rebound.
0:50 of 1st period - Snap shot by Scott Hartnell.
0:50 of 1st period - Shot Misses the Net.
0:52 of 1st period - Slapshot by Jeff Woywitka.
0:52 of 1st period - Shot Blocked by Ryan Getzlaf.
0:54 of 1st period - Snap shot by Jeff Woywitka.
0:54 of 1st period - Stopped by Jaroslav Halak without a rebound.
0:55 of 1st period - Paul Gaustad wins face-off versus Paul Stastny in Capitals zone.
1:10 of 1st period - Wrist shot by Miroslav Satan.
1:10 of 1st period - Shot Misses the Net.
1:25 of 1st period - Off-side.
1:26 of 1st period - Ryan Getzlaf wins face-off versus Jeff Carter in neutral zone.
1:42 of 1st period - Off-side.
1:43 of 1st period - Paul Gaustad wins face-off versus Chris Kunitz in neutral zone.
2:06 of 1st period - Penalty to Nicklas Backstrom is over, Nicklas Backstrom is back on ice.
2:33 of 1st period - Snap shot by Loui Eriksson.
2:33 of 1st period - Shot Misses the Net.
2:39 of 1st period - Snap shot by Phil Kessel.
2:39 of 1st period - Deflect By Ryan Getzlaf.
2:39 of 1st period - Shot Blocked by Stephane Robidas.
2:39 of 1st period - Puck is out of play.
2:40 of 1st period - Paul Gaustad wins face-off versus Nicklas Backstrom in Flyers zone.
3:07 of 1st period - Martin St. Louis is hit by Paul Stastny and loses puck.
3:34 of 1st period - Slapshot by Ryan Getzlaf.
3:34 of 1st period - Stopped by Jean-Sébastien Giguère with a rebound.
3:36 of 1st period - Slapshot by Bryce Salvador.
3:36 of 1st period - Stopped by Jean-Sébastien Giguère without a rebound.
3:37 of 1st period - Paul Gaustad wins face-off versus Nicklas Backstrom in Flyers zone.
3:37 of 1st period - Paul Gaustad is hit by Zdeno Chara.
3:58 of 1st period - Minor Penalty to Jonathan Ericsson for Tripping.
3:59 of 1st period - Jarome Iginla wins face-off versus Matthew Lombardi in Flyers zone.
4:24 of 1st period - Jeff Woywitka is hit by Loui Eriksson and loses puck.
5:58 of 1st period - Penalty to Jonathan Ericsson is over, Jonathan Ericsson is back on ice.
6:04 of 1st period - Off-side.
6:05 of 1st period - Paul Gaustad wins face-off versus Paul Stastny in neutral zone.
6:20 of 1st period - Slapshot by Miroslav Satan.
6:20 of 1st period - Shot Misses the Net.
6:36 of 1st period - Wrist shot by Nicklas Backstrom.
6:36 of 1st period - Deflect By Scott Parse.
6:36 of 1st period - Shot Misses the Net.
6:36 of 1st period - Puck is out of play.
6:37 of 1st period - Jeff Carter wins face-off versus Ryan Getzlaf in Flyers zone.
6:44 of 1st period - Snap shot by Martin St. Louis.
6:44 of 1st period - Stopped by Jaroslav Halak with a rebound.
7:15 of 1st period - Minor Penalty to Thomas Vanek for Slashing.
7:16 of 1st period - Jeff Carter wins face-off versus Ryan Getzlaf in Capitals zone.
7:42 of 1st period - Jarome Iginla is hit by Miroslav Satan and loses puck.
8:55 of 1st period - Mark Giordano is hit by Anton Volchenkov and loses puck.
9:15 of 1st period - Penalty to Thomas Vanek is over, Thomas Vanek is back on ice.
9:56 of 1st period - Slapshot by Nicklas Backstrom.
9:56 of 1st period - Shot Misses the Net.
10:38 of 1st period - Snap shot by Matthew Lombardi.
10:38 of 1st period - Shot Blocked by Zdeno Chara.
11:02 of 1st period - Zdeno Chara is hit by Ryane Clowe and loses puck.
12:24 of 1st period - Wrist shot by Mike York.
12:24 of 1st period - Stopped by Jaroslav Halak with a rebound.
13:12 of 1st period - Ryan Getzlaf is hit by Miroslav Satan and loses puck.
13:29 of 1st period - Jonathan Ericsson is hit by Scott Parse and loses puck.
14:03 of 1st period - Anton Volchenkov is hit by Stephane Robidas and loses puck.
14:24 of 1st period - Loui Eriksson is hit by Miroslav Satan and loses puck.
14:43 of 1st period - Thomas Vanek is hit by Jeff O'Neill and loses puck.
15:10 of 1st period - Ales Hemsky is hit by Scott Hartnell.
15:25 of 1st period - Ryan Getzlaf is hit by Ryane Clowe and loses puck.
15:30 of 1st period - Wrist shot by Paul Gaustad.
15:30 of 1st period - Goal by Paul Gaustad - Capitals : 0 - Flyers : 1.
15:31 of 1st period - Jeff Carter wins face-off versus Nicklas Backstrom in neutral zone.
15:56 of 1st period - Jonathan Ericsson is hit by Chris Kunitz.
16:40 of 1st period - Wrist shot by Chris Phillips.
16:40 of 1st period - Stopped by Jean-Sébastien Giguère without a rebound.
16:41 of 1st period - Jeff Carter wins face-off versus Nicklas Backstrom in Flyers zone.
16:41 of 1st period - Jeff Carter is hit by Nicklas Backstrom.
17:07 of 1st period - Miroslav Satan is hit by Chris Kunitz and loses puck.
17:14 of 1st period - Backhand shot by Paul Stastny.
17:14 of 1st period - Shot Misses the Net.
17:59 of 1st period - Off-side.
18:00 of 1st period - Paul Stastny wins face-off versus Paul Gaustad in neutral zone.
18:05 of 1st period - Wrist shot by Chris Kunitz.
18:05 of 1st period - Stopped by Jean-Sébastien Giguère without a rebound.
18:06 of 1st period - Paul Stastny wins face-off versus Paul Gaustad in Flyers zone.
18:40 of 1st period - Off-side.
18:41 of 1st period - Nicklas Backstrom wins face-off versus Paul Gaustad in neutral zone.
19:06 of 1st period - Jeff Carter is hit by Ryan Getzlaf and loses puck.
Goals for this period are 0 for Capitals vs 1 for Flyers.
Shots for this period are 4 for Capitals vs 8 for Flyers.

2nd period


0:01 of 2nd period - Jeff Carter wins face-off versus Nicklas Backstrom in neutral zone.
0:15 of 2nd period - Stephane Robidas is hit by Thomas Vanek and loses puck.
0:38 of 2nd period - Snap shot by Paul Gaustad.
0:38 of 2nd period - Shot Misses the Net.
2:07 of 2nd period - Off-side.
2:08 of 2nd period - Jeff Carter wins face-off versus Ryan Getzlaf in neutral zone.
2:27 of 2nd period - Phil Kessel is hit by Jeff Woywitka and loses puck.
2:32 of 2nd period - Slapshot by Martin St. Louis.
2:32 of 2nd period - Stopped by Jaroslav Halak with a rebound.
2:47 of 2nd period - Off-side.
2:48 of 2nd period - Nicklas Backstrom wins face-off versus Ryane Clowe in neutral zone.
2:51 of 2nd period - Jeff Woywitka is hit by Jarome Iginla and loses puck.
3:00 of 2nd period - Snap shot by Jarome Iginla.
3:00 of 2nd period - Stopped by Jean-Sébastien Giguère with a rebound.
3:14 of 2nd period - Ales Hemsky is hit by Jeff O'Neill and loses puck.
3:21 of 2nd period - Slapshot by Jeff O'Neill.
3:21 of 2nd period - Stopped by Jaroslav Halak without a rebound.
3:22 of 2nd period - Jeff Carter wins face-off versus Nicklas Backstrom in Capitals zone.
3:35 of 2nd period - Snap shot by Jeff Carter.
3:35 of 2nd period - Shot Blocked by Andy Rogers.
3:37 of 2nd period - Snap shot by Scott Hartnell.
3:37 of 2nd period - Shot Misses the Net.
3:47 of 2nd period - Mark Giordano is hit by Paul Stastny and loses puck.
4:55 of 2nd period - Wrist shot by Mike York.
4:55 of 2nd period - Shot Misses the Net.
5:19 of 2nd period - Slapshot by Chris Phillips.
5:19 of 2nd period - Deflect By Thomas Vanek.
5:19 of 2nd period - Shot Misses the Net.
5:19 of 2nd period - Puck is out of play.
5:20 of 2nd period - Jeff Carter wins face-off versus Ryan Getzlaf in Flyers zone.
6:01 of 2nd period - Anton Volchenkov is hit by Ryane Clowe and loses puck.
6:23 of 2nd period - Snap shot by Michael Ryder.
6:23 of 2nd period - Stopped by Jaroslav Halak with a rebound.
6:57 of 2nd period - Chris Phillips is hit by Stephane Robidas and loses puck.
7:06 of 2nd period - Wrist shot by Matthew Lombardi.
7:06 of 2nd period - Stopped by Jaroslav Halak without a rebound.
7:07 of 2nd period - Paul Gaustad wins face-off versus Paul Stastny in Capitals zone.
7:08 of 2nd period - Snap shot by Miroslav Satan.
7:08 of 2nd period - Shot Blocked by Chris Phillips.
7:10 of 2nd period - Backhand shot by Ryane Clowe.
7:10 of 2nd period - Shot Misses the Net.
7:12 of 2nd period - Snap shot by Paul Gaustad.
7:12 of 2nd period - Shot Misses the Net.
7:14 of 2nd period - Snap shot by Miroslav Satan.
7:14 of 2nd period - Deflect By Chris Kunitz.
7:14 of 2nd period - Shot Blocked by Ales Hemsky.
7:14 of 2nd period - Puck is out of play.
7:15 of 2nd period - Paul Gaustad wins face-off versus Paul Stastny in Capitals zone.
7:18 of 2nd period - Slapshot by Miroslav Satan.
7:18 of 2nd period - Shot Misses the Net.
7:20 of 2nd period - Backhand shot by Stephane Robidas.
7:20 of 2nd period - Shot Blocked by Paul Stastny.
7:22 of 2nd period - Slapshot by Jeff Woywitka.
7:22 of 2nd period - Stopped by Jaroslav Halak with a rebound.
7:30 of 2nd period - Slapshot by Paul Gaustad.
7:30 of 2nd period - Stopped by Jaroslav Halak with a rebound.
7:36 of 2nd period - Minor Penalty to Chris Kunitz for Diving.
7:37 of 2nd period - Jeff Carter wins face-off versus Ryan Getzlaf in Capitals zone.
7:50 of 2nd period - Slapshot by Jarome Iginla.
7:50 of 2nd period - Stopped by Jean-Sébastien Giguère with a rebound.
7:52 of 2nd period - Wrist shot by Ryan Getzlaf.
7:52 of 2nd period - Deflect By Jarome Iginla.
7:52 of 2nd period - Shot Misses the Net.
7:52 of 2nd period - Puck is out of play.
7:53 of 2nd period - Jeff Carter wins face-off versus Ryan Getzlaf in Flyers zone.
8:26 of 2nd period - Snap shot by Miroslav Satan.
8:26 of 2nd period - Shot Blocked by Chris Phillips.
8:28 of 2nd period - Slapshot by Paul Gaustad.
8:28 of 2nd period - Stopped by Jaroslav Halak with a rebound.
9:26 of 2nd period - Jeff Carter is hit by Chris Phillips and loses puck.
9:36 of 2nd period - Penalty to Chris Kunitz is over, Chris Kunitz is back on ice.
9:43 of 2nd period - Stephane Robidas is hit by Thomas Vanek and loses puck.
11:15 of 2nd period - Snap shot by Loui Eriksson.
11:15 of 2nd period - Goal by Loui Eriksson - Capitals : 1 - Flyers : 1.
11:16 of 2nd period - Jeff Carter wins face-off versus Nicklas Backstrom in neutral zone.
11:41 of 2nd period - Slapshot by Phil Kessel.
11:41 of 2nd period - Shot Misses the Net.
12:23 of 2nd period - Mark Giordano is hit by Thomas Vanek and loses puck.
13:02 of 2nd period - Wrist shot by Martin St. Louis.
13:02 of 2nd period - Stopped by Jaroslav Halak with a rebound.
13:04 of 2nd period - Wrist shot by Jeff Carter.
13:04 of 2nd period - Shot Hit the Post.
13:22 of 2nd period - Snap shot by Ales Hemsky.
13:22 of 2nd period - Deflect By Paul Stastny.
13:22 of 2nd period - Stopped by Jean-Sébastien Giguère with a rebound.
13:24 of 2nd period - Snap shot by Andy Rogers.
13:24 of 2nd period - Stopped by Jean-Sébastien Giguère without a rebound.
13:25 of 2nd period - Jeff O'Neill wins face-off versus Paul Stastny in Flyers zone.
13:25 of 2nd period - Jeff O'Neill is hit by Chris Phillips.
14:20 of 2nd period - Wrist shot by Ales Hemsky.
14:20 of 2nd period - Shot Blocked by Stephane Robidas.
14:22 of 2nd period - Snap shot by Chris Phillips.
14:22 of 2nd period - Stopped by Jean-Sébastien Giguère without a rebound.
14:23 of 2nd period - Nicklas Backstrom wins face-off versus Jeff Carter in Flyers zone.
15:22 of 2nd period - Ryane Clowe is hit by Nicklas Backstrom.
15:58 of 2nd period - Loui Eriksson is hit by Jonathan Ericsson and loses puck.
16:07 of 2nd period - Double Minor Penalty to Ryan Getzlaf for High sticking.
16:08 of 2nd period - Adam Hall wins face-off versus Jeff Carter in Capitals zone.
16:12 of 2nd period - Off-side.
16:13 of 2nd period - Jeff Carter wins face-off versus Adam Hall in neutral zone.
16:16 of 2nd period - Slapshot by Jonathan Ericsson.
16:16 of 2nd period - Shot Blocked by Chris Phillips.
16:18 of 2nd period - Snap shot by Scott Hartnell.
16:18 of 2nd period - Stopped by Jaroslav Halak with a rebound.
16:20 of 2nd period - Snap shot by Jeff Carter.
16:20 of 2nd period - Shot Misses the Net.
16:22 of 2nd period - Snap shot by Scott Hartnell.
16:22 of 2nd period - Shot Misses the Net.
16:24 of 2nd period - Slapshot by Jonathan Ericsson.
16:24 of 2nd period - Stopped by Jaroslav Halak with a rebound.
16:26 of 2nd period - Snap shot by Jeff Carter.
16:26 of 2nd period - Shot Blocked by Adam Hall.
16:28 of 2nd period - Wrist shot by Martin St. Louis.
16:28 of 2nd period - Shot Misses the Net.
17:01 of 2nd period - Mark Giordano is hit by Chris Kunitz and loses puck.
18:16 of 2nd period - Zdeno Chara is hit by Ryane Clowe and loses puck.
19:28 of 2nd period - Bryce Salvador is hit by Michael Ryder and loses puck.
Goals for this period are 1 for Capitals vs 0 for Flyers.
Shots for this period are 6 for Capitals vs 10 for Flyers.

3rd period


0:01 of 3rd period - Jeff Carter wins face-off versus Adam Hall in neutral zone.
0:03 of 3rd period - Off-side.
0:04 of 3rd period - Adam Hall wins face-off versus Jeff Carter in neutral zone.
0:07 of 3rd period - Penalty to Ryan Getzlaf is over, Ryan Getzlaf is back on ice.
0:13 of 3rd period - Snap shot by Adam Hall.
0:13 of 3rd period - Shot Blocked by Jeff Carter.
0:31 of 3rd period - Wrist shot by Mike York.
0:31 of 3rd period - Shot Misses the Net.
1:11 of 3rd period - Jarome Iginla is hit by Matthew Lombardi and loses puck.
1:38 of 3rd period - Minor Penalty to Scott Hartnell for Tripping.
1:39 of 3rd period - Matthew Lombardi wins face-off versus Nicklas Backstrom in Flyers zone.
3:20 of 3rd period - Nicklas Backstrom is hit by Jeff O'Neill and loses puck.
3:38 of 3rd period - Penalty to Scott Hartnell is over, Scott Hartnell is back on ice.
4:03 of 3rd period - Wrist shot by Martin St. Louis.
4:03 of 3rd period - Deflect By Jeff Carter.
4:03 of 3rd period - Shot Blocked by Anton Volchenkov.
4:03 of 3rd period - Puck is out of play.
4:04 of 3rd period - Jeff Carter wins face-off versus Paul Stastny in Capitals zone.
4:05 of 3rd period - Wrist shot by Scott Hartnell.
4:05 of 3rd period - Stopped by Jaroslav Halak with a rebound.
4:11 of 3rd period - Slapshot by Brent Seabrook.
4:11 of 3rd period - Stopped by Jean-Sébastien Giguère with a rebound.
4:13 of 3rd period - Slapshot by Scott Parse.
4:13 of 3rd period - Deflect By Paul Stastny.
4:13 of 3rd period - Shot Misses the Net.
4:13 of 3rd period - Puck is out of play.
4:14 of 3rd period - Jeff Carter wins face-off versus Ryan Getzlaf in Flyers zone.
4:21 of 3rd period - Slapshot by Martin St. Louis.
4:21 of 3rd period - Shot Misses the Net.
4:23 of 3rd period - Snap shot by Jeff Carter.
4:23 of 3rd period - Stopped by Jaroslav Halak with a rebound.
4:25 of 3rd period - Snap shot by Mark Giordano.
4:25 of 3rd period - Stopped by Jaroslav Halak with a rebound.
4:27 of 3rd period - Slapshot by Mark Giordano.
4:27 of 3rd period - Shot Blocked by Anton Volchenkov.
4:29 of 3rd period - Snap shot by Scott Hartnell.
4:29 of 3rd period - Shot Misses the Net.
4:39 of 3rd period - Mark Giordano is hit by Brent Seabrook.
5:02 of 3rd period - Snap shot by Jarome Iginla.
5:02 of 3rd period - Stopped by Jean-Sébastien Giguère with a rebound.
5:04 of 3rd period - Wrist shot by Thomas Vanek.
5:04 of 3rd period - Shot Misses the Net.
5:06 of 3rd period - Snap shot by Jarome Iginla.
5:06 of 3rd period - Stopped by Jean-Sébastien Giguère without a rebound.
5:07 of 3rd period - Nicklas Backstrom wins face-off versus Jeff Carter in Flyers zone.
5:11 of 3rd period - Minor Penalty to Jeff Carter for Hooking.
5:12 of 3rd period - Matthew Lombardi wins face-off versus Nicklas Backstrom in Flyers zone.
5:26 of 3rd period - Slapshot by Chris Phillips.
5:26 of 3rd period - Stopped by Jean-Sébastien Giguère with a rebound.
5:38 of 3rd period - Wrist shot by Phil Kessel.
5:38 of 3rd period - Shot Misses the Net.
5:40 of 3rd period - Wrist shot by Brent Seabrook.
5:40 of 3rd period - Deflect By Loui Eriksson.
5:40 of 3rd period - Goal by Loui Eriksson - Capitals : 2 - Flyers : 1.
5:41 of 3rd period - Nicklas Backstrom wins face-off versus Jeff Carter in neutral zone.
5:44 of 3rd period - Martin St. Louis is hit by Nicklas Backstrom and loses puck.
5:51 of 3rd period - Thomas Vanek is hit by Jeff Carter and loses puck.
6:06 of 3rd period - Jarome Iginla is hit by Jeff O'Neill and loses puck.
6:13 of 3rd period - Wrist shot by Mike York.
6:13 of 3rd period - Stopped by Jaroslav Halak without a rebound.
6:14 of 3rd period - Ryan Getzlaf wins face-off versus Martin St. Louis in Capitals zone.
6:14 of 3rd period - Ryan Getzlaf is hit by Jeff Carter.
6:40 of 3rd period - Miroslav Satan is hit by Ales Hemsky and loses puck.
6:47 of 3rd period - Wrist shot by Paul Stastny.
6:47 of 3rd period - Stopped by Jean-Sébastien Giguère without a rebound.
6:48 of 3rd period - Nicklas Backstrom wins face-off versus Jeff Carter in Flyers zone.
7:03 of 3rd period - Minor Penalty to Stephane Robidas for Roughing.
7:04 of 3rd period - Matthew Lombardi wins face-off versus Nicklas Backstrom in Flyers zone.
7:14 of 3rd period - Slapshot by Zdeno Chara.
7:14 of 3rd period - Deflect By Jarome Iginla.
7:14 of 3rd period - Goal by Jarome Iginla - Capitals : 3 - Flyers : 1.
7:15 of 3rd period - Jeff Carter wins face-off versus Nicklas Backstrom in neutral zone.
7:28 of 3rd period - Slapshot by Ryan Suter.
7:28 of 3rd period - Deflect By Jeff Carter.
7:28 of 3rd period - Stopped by Jean-Sébastien Giguère with a rebound.
7:30 of 3rd period - Snap shot by Thomas Vanek.
7:30 of 3rd period - Shot Blocked by Jeff Woywitka.
8:19 of 3rd period - Wrist shot by Chris Phillips.
8:19 of 3rd period - Stopped by Jean-Sébastien Giguère without a rebound.
8:20 of 3rd period - Nicklas Backstrom wins face-off versus Matthew Lombardi in Flyers zone.
8:46 of 3rd period - Chris Phillips is hit by Jeff Carter and loses puck.
8:55 of 3rd period - Snap shot by Jeff Carter.
8:55 of 3rd period - Stopped by Jaroslav Halak with a rebound.
9:11 of 3rd period - Snap shot by Michael Ryder.
9:11 of 3rd period - Shot Misses the Net.
9:13 of 3rd period - Slapshot by Mark Giordano.
9:13 of 3rd period - Stopped by Jaroslav Halak without a rebound.
9:14 of 3rd period - Jeff Carter wins face-off versus Nicklas Backstrom in Capitals zone.
9:21 of 3rd period - Snap shot by Scott Hartnell.
9:21 of 3rd period - Stopped by Jaroslav Halak without a rebound.
9:22 of 3rd period - Nicklas Backstrom wins face-off versus Jeff Carter in Capitals zone.
9:47 of 3rd period - Ryan Getzlaf is hit by Ryane Clowe and loses puck.
10:12 of 3rd period - Snap shot by Mike York.
10:12 of 3rd period - Stopped by Jaroslav Halak without a rebound.
10:13 of 3rd period - Nicklas Backstrom wins face-off versus Jeff Carter in Capitals zone.
10:20 of 3rd period - Snap shot by Jarome Iginla.
10:20 of 3rd period - Deflect By Thomas Vanek.
10:20 of 3rd period - Stopped by Jean-Sébastien Giguère with a rebound.
10:28 of 3rd period - Brent Seabrook is hit by Martin St. Louis and loses puck.
10:39 of 3rd period - Trevor Daley is hit by Loui Eriksson and loses puck.
10:46 of 3rd period - Snap shot by Ryan Getzlaf.
10:46 of 3rd period - Stopped by Jean-Sébastien Giguère without a rebound.
10:47 of 3rd period - Loui Eriksson wins face-off versus Jeff Carter in Flyers zone.
10:58 of 3rd period - Snap shot by Loui Eriksson.
10:58 of 3rd period - Stopped by Jean-Sébastien Giguère without a rebound.
10:59 of 3rd period - Nicklas Backstrom wins face-off versus Jeff Carter in Flyers zone.
11:34 of 3rd period - Slapshot by Miroslav Satan.
11:34 of 3rd period - Shot Misses the Net.
11:36 of 3rd period - Snap shot by Miroslav Satan.
11:36 of 3rd period - Stopped by Jaroslav Halak with a rebound.
11:46 of 3rd period - Wrist shot by Petr Schastlivy.
11:46 of 3rd period - Shot Blocked by Anton Volchenkov.
11:48 of 3rd period - Wrist shot by Nils Ekman.
11:48 of 3rd period - Shot Misses the Net.
11:50 of 3rd period - Snap shot by Matthew Lombardi.
11:50 of 3rd period - Shot Misses the Net.
11:52 of 3rd period - Snap shot by Matthew Lombardi.
11:52 of 3rd period - Stopped by Jaroslav Halak with a rebound.
11:54 of 3rd period - Slapshot by Jonathan Ericsson.
11:54 of 3rd period - Shot Misses the Net.
11:56 of 3rd period - Slapshot by Petr Schastlivy.
11:56 of 3rd period - Shot Misses the Net.
12:29 of 3rd period - Snap shot by Ryane Clowe.
12:29 of 3rd period - Stopped by Jaroslav Halak without a rebound.
12:30 of 3rd period - Paul Gaustad wins face-off versus Paul Stastny in Capitals zone.
12:55 of 3rd period - Trevor Daley is hit by Adam Hall and loses puck.
13:06 of 3rd period - Wrist shot by Paul Gaustad.
13:06 of 3rd period - Shot Misses the Net.
13:08 of 3rd period - Slapshot by Jeff Woywitka.
13:08 of 3rd period - Stopped by Jaroslav Halak without a rebound.
13:09 of 3rd period - Ryan Getzlaf wins face-off versus Jeff Carter in Capitals zone.
13:14 of 3rd period - Martin St. Louis is hit by Chris Phillips and loses puck.
14:00 of 3rd period - Jonathan Ericsson is hit by Chris Kunitz and loses puck.
14:10 of 3rd period - Minor Penalty to Anton Volchenkov for Hooking.
14:11 of 3rd period - Ryan Getzlaf wins face-off versus Jeff Carter in Capitals zone.
14:15 of 3rd period - Ryan Getzlaf is hit by Jeff Carter and loses puck.
14:26 of 3rd period - Wrist shot by Jeff Carter.
14:26 of 3rd period - Deflect By Scott Hartnell.
14:26 of 3rd period - Shot Misses the Net.
14:26 of 3rd period - Puck is out of play.
14:27 of 3rd period - Jeff Carter wins face-off versus Ryan Getzlaf in Capitals zone.
14:36 of 3rd period - Snap shot by Martin St. Louis.
14:36 of 3rd period - Shot Blocked by Chris Phillips.
14:38 of 3rd period - Snap shot by Scott Hartnell.
14:38 of 3rd period - Goal by Scott Hartnell - Capitals : 3 - Flyers : 2.
14:39 of 3rd period - Jeff Carter wins face-off versus Nicklas Backstrom in neutral zone.
14:42 of 3rd period - Snap shot by Jeff Carter.
14:42 of 3rd period - Shot Misses the Net.
14:51 of 3rd period - Minor Penalty to Thomas Vanek for Slashing.
14:52 of 3rd period - Jeff Carter wins face-off versus Ryan Getzlaf in Capitals zone.
14:55 of 3rd period - Wrist shot by Jeff Carter.
14:55 of 3rd period - Shot Misses the Net.
15:10 of 3rd period - Minor Penalty to Ryan Getzlaf for Tripping.
15:11 of 3rd period - Jeff Carter wins face-off versus Jarome Iginla in Capitals zone.
16:07 of 3rd period - Adam Hall is hit by Paul Gaustad and loses puck.
16:51 of 3rd period - Penalty to Thomas Vanek is over, Thomas Vanek is back on ice.
16:56 of 3rd period - Stephane Robidas is hit by Paul Stastny and loses puck.
17:07 of 3rd period - Snap shot by Paul Stastny.
17:07 of 3rd period - Stopped by Jean-Sébastien Giguère with a rebound.
17:10 of 3rd period - Penalty to Ryan Getzlaf is over, Ryan Getzlaf is back on ice.
17:35 of 3rd period - Minor Penalty to Brent Seabrook for Holding.
17:36 of 3rd period - Ryan Getzlaf wins face-off versus Paul Gaustad in Capitals zone.
19:17 of 3rd period - Andy Rogers is hit by Stephane Robidas and loses puck.
19:20 of 3rd period - Flyers, Jean-Sébastien Giguère is pulled from the net.
19:22 of 3rd period - Wrist shot by Jeff O'Neill.
19:22 of 3rd period - Stopped by Jaroslav Halak with a rebound.
19:24 of 3rd period - Slapshot by Michael Ryder.
19:24 of 3rd period - Deflect By Chris Kunitz.
19:24 of 3rd period - Shot Misses the Net.
19:24 of 3rd period - Puck is out of play.
19:25 of 3rd period - Todd McLellan call a timeout for Flyers.
19:25 of 3rd period - Jeff Carter wins face-off versus Ryan Getzlaf in Capitals zone.
19:35 of 3rd period - Penalty to Brent Seabrook is over, Brent Seabrook is back on ice.
19:50 of 3rd period - Chris Phillips is hit by Martin St. Louis.
19:54 of 3rd period - Zdeno Chara is hit by Jeff Woywitka and loses puck.
Goals for this period are 2 for Capitals vs 1 for Flyers.
Shots for this period are 13 for Capitals vs 14 for Flyers.


Output by the SimonT Hockey Simulator (STHS) for François Prévost -- Original Page W3C XHTML 1.0 Valid
Hockey Simulator - Hockey Simulation - Hockey Manager